 Dungeon Crawl Stone Soup version 0.24.0-41-g2ae2f7f1be (webtiles) character file.

Game seed: 5830388005034309583, levelgen mode: deterministic

90 Anathary the Ducker (level 4, -4/31 HPs)
             Began as an Octopode Fighter on Dec 10, 2019.
             Slain by Crazy Yiuf
             ... wielding a +3 quarterstaff of chaos
              (13 damage)
             ... on level 2 of the Dungeon.
             The game lasted 00:06:03 (1556 turns).

Anathary the Ducker (Octopode Fighter)              Turns: 1556, Time: 00:06:04

Health: -4/31      AC:  1    Str: 16    XL:     4   Next: 56%
Magic:  4/4        EV: 12    Int: 10    God:
Gold:   123        SH:  9    Dex: 11    Spells: 3/3 levels left

rFire    . . .     SeeInvis .   a - +1 war axe
rCold    . . .     Gourm    .   b - +0 shield
rNeg     . . .     Faith    .   (helmet restricted)
rPois    .         Spirit   .   (no amulet)
rElec    .         Reflect  .   (no ring)
rCorr    .         Harm     .   (no ring)
MR       .....                  (no ring)
Stlth    +++.......             (no ring)
HPRegen  0.10/turn              (no ring)
MPRegen  0.09/turn              (no ring)
                                (no ring)
                                (no ring)

@: no status effects
A: almost no armour, stealthy swim, amphibious, 8 rings, constrict 8, camouflage
1, gelatinous body 1
a: no special abilities


You were on level 2 of the Dungeon.
You were not hungry.

You visited 1 branch of the dungeon, and saw 2 of its levels.

You collected 123 gold pieces.

Inventory:

Hand Weapons
 a - a +1 war axe (weapon)
Armour
 b - a +0 shield (worn)
Scrolls
 f - 2 scrolls of remove curse
 g - 5 scrolls of identify {unknown}
 i - 3 scrolls of amnesia {unknown}
 j - a scroll of enchant armour {unknown}
 k - 2 scrolls of fear {unknown}
 n - a scroll of teleportation {unknown}
Potions
 c - a potion of might
 h - a potion of curing {unknown}
 l - a potion of berserk rage {unknown}
Comestibles
 d - 3 rations


   Skills:
 + Level 3.5 Fighting
 + Level 3.0 Axes
 + Level 3.6 Dodging
 + Level 1.5 Stealth
 + Level 3.4 Shields


You had 3 spell levels left.
You didn't know any spells.
Your spell library was empty.

Dungeon Overview and Level Annotations

Branches:
Dungeon (2/15)

Altars:

Annotations:
D:2 Crazy Yiuf


Innate Abilities, Weirdness & Mutations

You cannot wear most types of armour.
You are very stealthy in the water. (Stealth+)
You are amphibious.
You can wear up to eight rings at the same time.
You can use your tentacles to constrict eight enemies at once.
Your skin changes colour to match your surroundings (Stealth+).
Your rubbery body absorbs attacks. (AC +1, EV +1)


Message History

You hit the dart slug. You grab the dart slug. You squeeze the dart slug.
You kill the dart slug!
You see here a dart slug corpse.
You see here a dart slug corpse.
You see here a rat corpse.
You now have 123 gold pieces (gained 5).
You see here 7 boomerangs.
Found a mace.
Found a runed translucent door.
You open the door. You closely miss Crazy Yiuf. Your grab misses Crazy Yiuf.
Crazy Yiuf hits you with a +3 quarterstaff of chaos.
You closely miss Crazy Yiuf. You grab Crazy Yiuf. You constrict Crazy Yiuf.
Crazy Yiuf hits you with a +3 quarterstaff of chaos.
You are electrocuted!
* * * LOW HITPOINT WARNING * * *
You hit Crazy Yiuf but do no damage.
Crazy Yiuf is lightly wounded.
You constrict Crazy Yiuf. You block Crazy Yiuf's attack.
Crazy Yiuf hits you with a +3 quarterstaff of chaos!
You die...

#.# #.....###.#.#
#.###...##.#.##.#
#..........[###.##
#########.........
#...###.## ##♣♣♣♣♣
#..)....##
###...♣.♣♣♣ ###
#.........
##......♣..♣#...#
#.......##
#......♣♣♣♣@g...#
#...###.##
##..#..♣♣ ♣♣#..)#
#.......##
#...##♣♣ ###
#...###### #.###
#......... #.#
#.###.#### ##.##
####.# #.....
##...#####
#....###.###.
#.#......#
###......# #.
##.#.###.#
#.##.### #.


You could see Crazy Yiuf.

Vanquished Creatures
  Robin (D:2)
  4 gnolls (D:2)
  2 dart slugs
  2 bats
  A giant cockroach (D:1)
  6 hobgoblins
  2 jackals (D:1)
  A kobold (D:1)
  A frilled lizard (D:2)
  11 goblins
  4 rats
35 creatures vanquished.

Notes
Turn   | Place    | Note
-------+----------+-------------------------------------------
     0 | D:1      | Anathary the Octopode Fighter began the quest for the Orb.
     0 | D:1      | Reached XP level 1. HP: 16/16 MP: 1/1
   231 | D:1      | Reached XP level 2. HP: 21/21 MP: 2/2
   919 | D:2      | Reached XP level 3. HP: 23/26 MP: 3/3
  1118 | D:2      | Reached XP level 4. HP: 31/31 MP: 4/4
  1281 | D:2      | Noticed Robin
  1341 | D:2      | Reached skill level 1 in Stealth
  1345 | D:2      | Killed Robin
  1549 | D:2      | Found a runed translucent door.
  1550 | D:2      | Noticed Crazy Yiuf
  1556 | D:2      | Slain by Crazy Yiuf

Levels and vault maps discovered:
D:1:      lordsloth_arrival_two_stooges, layout_basic
D:2:      layout_loops_ring, uniq_crazy_yiuf_cottage, uniq_robin

Skill      XL: |  1  2  3  4 |
---------------+-------------+-----
Stealth        | 1 |  1.5
Axes           | 3 |  3.0
Fighting       | |  3.5
Dodging        | |  3.6
Shields        | |  3.4

Action                   |  1- 3 |  4- 6 || total
-------------------------+-------+-------++-------
Melee: War axe           |    34 |    31 ||    65
       Constrict         |     7 |    10 ||    17
       Tentacles         |     4 |     5 ||     9
  Use: Scroll            |       |     2 ||     2
 Stab: Sleeping          |     2 |     1 ||     3
       Distracted        |     1 |       ||     1
  Eat: Ration            |       |     1 ||     1
Armor: Skin              |     2 |     1 ||     3
Dodge: Dodged            |     6 |     7 ||    13
Block: Shield            |    17 |    11 ||    28
